 Dungeon Crawl Stone Soup version 0.26-a0-784-g51bffae0b1 (webtiles) character file.

Game seed: 6540453149884214428

18 Kinoniko the Ruffian (level 2, -2/24 HPs)
             Began as a Minotaur Transmuter on Nov 10, 2020.
             Slain by a gnoll
             ... wielding a cursed -1 halberd
              (5 damage)
             ... on level 1 of the Dungeon.
             The game lasted 00:01:51 (619 turns).

Kinoniko the Ruffian (Minotaur Transmuter)           Turns: 619, Time: 00:01:51

Health: -2/24      AC:  2    Str: 14    XL:     2   Next: 48%
Magic:  1/3        EV: 12    Int: 10    God:
Gold:   11         SH:  0    Dex: 10    Spells: 3/4 levels left

rFire    . . .     SeeInvis .   e - +0 hand axe
rCold    . . .     Faith    .   (no shield)
rNeg     . . .     Spirit   .   a - +0 robe
rPois    .         Reflect  .   (helmet currently unavailable)
rElec    .         Harm     .   (no cloak)
rCorr    .         Rampage  .   (no gloves)
MR       .....                  (boots currently unavailable)
Stlth    +.........             (no amulet)
HPRegen  0.08/turn              (no ring)
MPRegen  0.08/turn              (no ring)

@: appendages (expiring)
A: retaliatory headbutt, horns 2, talons 2
a: End Transformation


You were on level 1 of the Dungeon.
You had grown temporary talons.
You visited 1 branch of the dungeon, and saw 1 of its levels.

You collected 11 gold pieces.

Inventory:

Hand Weapons
 e - a +0 hand axe (weapon)
Armour
 a - a +0 robe (worn)
Scrolls
 b - a scroll of immolation {unknown}
 d - 2 scrolls of identify {unknown}
Potions
 c - a potion of ambrosia {unknown}


   Skills:
 + Level 2.1 Fighting
 * Level 0.5 Axes
 - Level 2.1 Dodging
 - Level 3.2 Unarmed Combat
 + Level 1.5 Spellcasting
 + Level 2.0 Transmutations


You had 3 spell levels left.
You knew the following spells:

 Your Spells              Type           Power        Failure   Level
a - Beastly Appendage     Tmut           #.....       14%         1

Your spell library contained the following spells:

 Spells                   Type           Power        Failure   Level
 Wereblood                Tmut           #.......     22%         2
 Spider Form              Tmut/Pois      #.........   54%         3
 Ice Form                 Ice/Tmut       #.......     91%         4
 Blade Hands              Tmut           #.........   99%         5


Dungeon Overview and Level Annotations

Branches:
Dungeon (1/15)

Altars:


Innate Abilities, Weirdness & Mutations

You reflexively headbutt those who attack you in melee.
You have a pair of horns on your head.
You have razor-sharp toenails.


Message History

The gnoll hits you with a cursed -1 halberd!
Ouch! That really hurt!
* * * LOW HITPOINT WARNING * * *
You hit the rat.
The rat is heavily wounded.
You hit the gnoll. The rat completely misses you. You furiously retaliate!
You headbutt the rat, but do no damage. The gnoll misses you.
You closely miss the rat. You headbutt the rat.
You kill the rat!
You closely miss the gnoll. The gnoll completely misses you.
You furiously retaliate!
You headbutt the gnoll.
Your magical contamination has completely faded away.
Unknown command.
The gnoll closely misses you. You furiously retaliate!
You headbutt the gnoll, but do no damage.
You see here a rat corpse.
You barely miss the gnoll. Your headbutt misses the gnoll.
The gnoll is heavily wounded.
The gnoll hits you with a cursed -1 halberd.
You die...

##### ...#
#.#####.#########
................#
##.####...##.##'##
. ##..##.#.#...#
...#....##..#.^.#
.........(##..#.g†#
##...#....(...#.@.#
##.###.#.#.#.#...#
#.##.###.##.#.!.# #
..# ##...#...#
####.###.####...#
......#(†...#...#
#..#####...# #..#
#...# #..#


You could see a gnoll.

Vanquished Creatures
  2 leopard geckos (D:1)
  2 ball pythons (D:1)
  2 goblins (D:1)
  2 hobgoblins (D:1)
  3 bats (D:1)
  2 frilled lizards (D:1)
  3 kobolds (D:1)
  A rat (D:1)
17 creatures vanquished.

Notes
Turn   | Place    | Note
-------+----------+-------------------------------------------
     0 | D:1      | Kinoniko the Minotaur Transmuter began the quest for the
                  | Orb.
     0 | D:1      | Reached XP level 1. HP: 16/16 MP: 1/1
   293 | D:1      | Reached XP level 2. HP: 24/24 MP: 1/3
   619 | D:1      | Slain by a gnoll

Illustrated notes

Levels and vault maps discovered:
D:1:      minmay_arrival_up_and_down, layout_loops_ring, nrook_uturn,
          fountainhead

Skill      XL: |  1  2 |
---------------+-------+-----
Fighting       | 2 |  2.1
Transmutations | 2 |  2.0
Axes           | |  0.5
Dodging        | |  2.1
Unarmed Combat | |  3.2
Spellcasting   | |  1.5

Action                   || total
-------------------------++-------
Melee: Unarmed           ||    29
       Hand axe          ||    13
       Headbutt          ||     3
 Cast: Beastly Appendage ||     2
Armor: Robe              ||     6
Dodge: Dodged            ||    30

Table legend: (Time is in decaauts)
 A = Elapsed time spent in this place.
 B = Non-inter-level travel time spent in this place.
 C = Inter-level travel time spent in this place.
 D = Time resting spent in this place.
 E = Time spent auto-exploring this place.
 F = Levels seen in this place.
 G = Mean time per level.
                   A        B        C        D        E       F      G
               +--------+--------+--------+--------+--------+-----+--------+
         Total |    621 |    621 |      0 |    197 |    319 |   1 |  621.0 |
       Dungeon |    621 |    621 |      0 |    197 |    319 |   1 |  621.0 |
               +--------+--------+--------+--------+--------+-----+--------+

Top non-repeatable levels by time:
     D:1: 621 daAuts
